 Dungeon Crawl Stone Soup version 0.30.0-29-ga12c61a403 (webtiles) character file.

Game seed: 12674672728420945851

58 monsoonserge the Conjurer (level 3, 0/28 HPs)
             Began as a Draconian Conjurer on June 16, 2023.
             Slain by a sleepcap (5 damage)
             ... on level 3 of the Dungeon.
             The game lasted 00:04:22 (1666 turns).

monsoonserge the Conjurer (Draconian Conjurer)      Turns: 1666, Time: 00:04:24

Health: 0/28       AC: 13    Str:  9    XL:     3   Next: 75%
Magic:  4/6        EV: 12    Int: 20    God:
Gold:   117        SH:  0    Dex:  9    Spells: 3/6 levels left

rFire   . . .        g - +3 dagger (protect)
rCold   . . .        (no shield)
rNeg    . . .        (body armour unavailable)
rPois   .            (helmet restricted)
rElec   .            i - +0 cloak
rCorr   .            (no gloves)
SInv    .            (no boots)
Will    .....        l - amulet of the acrobat
Stlth   ++           (no ring)
HPRegen 0.24/turn    (no ring)
MPRegen 0.10/turn

%: acrobat
@: under a protective aura
A: AC +5, unfitting armour, cold-blooded
a: no special abilities


You were on level 3 of the Dungeon.
You visited 1 branch of the dungeon, and saw 3 of its levels.

You collected 117 gold pieces.

Inventory:

Hand Weapons
 b - a +0 sling
 d - a +0 short sword
 f - a +0 whip
 g - a +3 dagger of protection (weapon)
Missiles
 e - 18 stones
 o - 2 atropa-tipped darts
Armour
 i - a +0 cloak (worn)
 r - a +0 tower shield
Jewellery
 l - an amulet of the acrobat (around neck)
Scrolls
 c - 2 scrolls of teleportation {unknown}
 h - 2 scrolls of enchant weapon {unknown}
 k - a scroll of poison {unknown}
 m - a scroll of magic mapping {unknown}
 n - 2 scrolls of identify {unknown}
 p - a scroll of blinking {unknown}
Potions
 a - 2 potions of magic
 j - 3 potions of ambrosia {unknown}
 q - a potion of degeneration {unknown}


   Skills:
 + Level 1.0 Fighting
 + Level 0.7 Short Blades
 + Level 2.0 Dodging
 - Level 2.0 Stealth
 - Level 2.0 Spellcasting
 + Level 4.9 Conjurations


You had 3 spell levels left.
You knew the following spells:

 Your Spells              Type           Power      Damage    Failure   Level
a - Magic Dart            Conj           88%        1d7       1%          1
b - Searing Ray           Conj           44%        2d6       3%          2

Your spell library contained the following spells:

 Spells                   Type           Power      Damage    Failure   Level
 Dazzling Flash           Conj/Hex       24%        N/A       17%         3
 Fulminant Prism          Conj/Hex       6%         3d6       50%         4
 Iskenderun's Mystic Bla  Conj/Tloc      12%        2d5       50%         4


Dungeon Overview and Level Annotations

Branches:
Dungeon (3/15)

Altars:
Xom


Innate Abilities, Weirdness & Mutations

Your plain brown scales are hard. (AC +5)
You cannot fit into any form of body armour.
You are cold-blooded and may be slowed by cold attacks.


Message History

The sleepcap is moderately damaged.
The sleepcap releases spores at you.
You are engulfed in a cloud of soporific spores!
You fall asleep.
The sleepcap releases spores at you!
You wake up.
You are engulfed in a cloud of soporific spores!
You are unaffected.
You hit the sleepcap but do no damage.
The sleepcap is moderately damaged.
The sleepcap releases spores at you but does no damage.
You hit the sleepcap but do no damage.
You tail-slap the sleepcap, but do no damage.
The sleepcap is moderately damaged.
The sleepcap releases spores at you but does no damage.
You hit the sleepcap but do no damage.
You tail-slap the sleepcap, but do no damage.
The sleepcap is moderately damaged.
The sleepcap releases spores at you but does no damage.
You hit the sleepcap.
The sleepcap is heavily damaged.
The sleepcap releases spores at you.
* * * LOW HITPOINT WARNING * * *
You are engulfed in a cloud of soporific spores!
You fall asleep.
The sleepcap releases spores at you but does no damage.
The sleepcap releases spores at you.
You wake up.
* * * LOW HITPOINT WARNING * * *
You are engulfed in a cloud of soporific spores!
You are unaffected.
Unknown command.
Casting: Searing Ray (safe; 3% risk of failure)
Confirm with . or Enter, or press ? or * to list all spells.
Aiming: Searing Ray (safe; 3% risk of failure)
Press: ? - help, Shift-Dir - straight line, f - sleepcap
Aim: a sleepcap (heavily damaged, 100% to hit)
The searing ray hits the sleepcap!
The sleepcap is severely damaged. (Press . to maintain the ray.)
The sleepcap releases spores at you.
You die...

#.# # .#######.# ..
.........# #.. ########.##
#r.f #.......... ....)##
#.####.#... .......## #.#
#...##
.......)##########.#####.>#
.##...##..f@.....).....#..#
#.._ #####...###.###.#..#
#.. #................# ##
#####.#...###.###.#.##
#.....##............#
#########.###.###.### #.#
#.###.##### #.###..........
#.........#####


You could see a sleepcap.

Vanquished Creatures
  An adder (D:2)
  2 dart slugs (D:2)
  2 orcs (D:3)
  2 ball pythons
  4 bats (D:1)
  6 endoplasms
  5 goblins
  2 hobgoblins
  2 quokkas
  3 frilled lizards
  6 kobolds
  8 rats
43 creatures vanquished.

Notes
Turn   | Place    | Note
-------+----------+-------------------------------------------
     0 | D:1      | monsoonserge the Draconian Conjurer began the quest for the
                  | Orb.
     0 | D:1      | Reached XP level 1. HP: 14/14 MP: 3/3
   249 | D:1      | Reached XP level 2. HP: 16/20 MP: 5/5
   253 | D:1      | Learned a level 2 spell: Searing Ray
  1040 | D:2      | Reached XP level 3. HP: 19/26 MP: 6/6
  1360 | D:2      | Reached skill level 1 in Fighting
  1637 | D:3      | Found a shimmering altar of Xom.
  1666 | D:3      | Slain by a sleepcap

Illustrated notes

Levels and vault maps discovered:
D:1:      tarquinn_simple_flora_water_c, layout_basic, dreamdust_wishing_well,
          nrook_mini_backslash
D:2:      layout_rooms, st_stairs_3, chequers_serial_rivers_room_b
D:3:      layout_loops_ring, mainiacjoe_overflow_alcove_1,
          mainiacjoe_overflow_concentric_impassable, serial_shops,
          nicolae_shop_behind_doors, roderic_lattice_a, hex_medium

Skill      XL: |  1  2  3 |
---------------+----------+-----
Stealth        | 2 |  2.0
Dodging        | 2 |  2.0
Fighting       | 1 |  1.0
Short Blades   | |  0.7
Spellcasting   | |  2.0
Conjurations   | |  4.9

Action                     || total
---------------------------++-------
  Melee: Whip              ||     5
         Tailslap          ||     8
         Unarmed           ||     1
         Dagger            ||    65
         Punch             ||     1
   Cast: Magic Dart        ||    11
         Searing Ray       ||     9
   Stab: Sleeping          ||     3
         Distracted        ||     1
 Armour: Skin              ||    18
  Dodge: Dodged            ||    40
